 Dungeon Crawl Stone Soup version 0.27.1-2-g3b301248ec (webtiles) character file.

Game seed: 10875679715453715784

1610 AZSletch the Ruffian (level 8, 0/67 HPs)
             Began as a Grey Draconian Transmuter on Oct 3, 2021.
             Succumbed to a water moccasin's poison
             ... on level 7 of the Dungeon.
             The game lasted 00:27:06 (7531 turns).

AZSletch the Ruffian (Grey Draconian Transmuter)    Turns: 7531, Time: 00:27:06

Health: 0/67       AC: 11    Str: 15    XL:     8   Next: 63%
Magic:  14/14      EV: 13    Int: 13    God:
Gold:   326        SH:  0    Dex: 12    Spells: 6/16 levels left

rFire    . . .     SeeInvis +   z - +2 falchion (vorpal)
rCold    . . .     Faith    .   (no shield)
rNeg     . . .     Spirit   .   (armour unavailable)
rPois    .         Reflect  .   (helmet restricted)
rElec    .         Harm     .   t - scarf {+Inv}
rCorr    +         Rampage  .   (no gloves)
Will     .....                  (no boots)
Stlth    +.........             (no amulet)
HPRegen  0.21/turn              a - ring of resist corrosion
MPRegen  0.14/turn              u - ring of see invisible

@: lethally poisoned (0 -> -3)
A: AC +11, amphibious, unfitting armour, cold-blooded
a: Evoke Invisibility


You were on level 7 of the Dungeon.
You visited 1 branch of the dungeon, and saw 7 of its levels.

You collected 326 gold pieces.

Inventory:

Hand Weapons
 z - a +2 vorpal falchion (weapon)
 E - a +0 whip of flaming
Missiles
 h - 142 stones
 n - 20 poisoned darts (quivered)
Armour
 e - a +0 pair of boots
 t - a scarf of invisibility (worn)
Jewellery
 a - a ring of resist corrosion (left hand)
 u - a ring of see invisible (right hand)
Wands
 B - a wand of flame (18)
Scrolls
 d - a scroll of enchant weapon
 g - a scroll of identify {unknown}
 i - 3 scrolls of teleportation
 j - 2 scrolls of amnesia {unknown}
 k - a scroll of vulnerability {unknown}
 l - a scroll of brand weapon {unknown}
 m - a scroll of acquirement {unknown}
 p - a scroll of immolation {unknown}
 v - a scroll of torment {unknown}
 y - a scroll of holy word {unknown}
 A - a scroll of fog {unknown}
Potions
 b - a potion of berserk rage {unknown}
 c - a potion of ambrosia {unknown}
 f - a potion of attraction {unknown}
 o - a potion of heal wounds {unknown}
 q - 2 potions of lignification
 r - a potion of degeneration {unknown}
 s - a potion of invisibility {unknown}
 w - a potion of might {unknown}
 x - 2 potions of mutation {unknown}
 C - a potion of resistance {unknown}
 D - a potion of magic {unknown}


   Skills:
 + Level 4.9 Fighting
 + Level 4.6 Dodging
 + Level 5.5 Unarmed Combat
 + Level 4.5 Spellcasting
 + Level 4.9 Transmutations
 + Level 2.3 Ice Magic
 - Level 2.0 Poison Magic


You had 6 spell levels left.
You knew the following spells:

 Your Spells              Type           Power      Damage    Failure   Level
a - Beastly Appendage     Tmut           30%        N/A       2%          1
b - Wereblood             Tmut           15%        N/A       3%          2
c - Spider Form           Tmut/Pois      6%         N/A       14%         3
d - Ice Form              Ice/Tmut       12%        N/A       41%         4

Your spell library contained the following spells:

 Spells                   Type           Power      Damage    Failure   Level


Dungeon Overview and Level Annotations

Branches:
Dungeon (7/15)
 Temple: D:4-7

Altars:
Elyvilon
Okawaru
Ru
Trog

Shops:
D:1 (   D:5 (

Annotations:
D:5 1 runed translucent door


Innate Abilities, Weirdness & Mutations

Your dull iron-grey scales are very hard. (AC +11)
You are amphibious.
You cannot fit into any form of body armour.
You are cold-blooded and may be slowed by cold attacks.


Message History

You hit the water moccasin.
The water moccasin is lightly wounded.
The water moccasin bites you but does no damage.
The water moccasin bites you.
* * * LOW HITPOINT WARNING * * *
You are poisoned.
The water moccasin poisons you!
You hit the water moccasin.
The water moccasin is moderately wounded.
* * * LOW HITPOINT WARNING * * *
You feel very sick. The water moccasin bites you.
* * * LOW HITPOINT WARNING * * *
The water moccasin bites you.
* * * LOW HITPOINT WARNING * * *
You barely miss the water moccasin.
The water moccasin is moderately wounded.
* * * LOW HITPOINT WARNING * * *
You feel very sick. The water moccasin bites you.
* * * LOW HITPOINT WARNING * * *
The water moccasin bites you but does no damage.
Okay, then.
Sorry, you're not good enough to have a special ability.
You miss the water moccasin.
You punch the water moccasin, but do no damage.
The water moccasin is moderately wounded.
* * * LOW HITPOINT WARNING * * *
You feel sick.
The water moccasin bites you but does no damage. x2
You closely miss the water moccasin.
The water moccasin is moderately wounded.
* * * LOW HITPOINT WARNING * * *
You feel sick. The water moccasin barely misses you.
You hit the water moccasin but do no damage.
The water moccasin is moderately wounded.
You feel less wooden.
Your scarf of invisibility unmelds from your body.
You become transparent for a moment.
You die...

#.###
(.....
#.# #
.... #.#
# ....
#.# # ...
#.# # #..
#.# # #≈#
####.# #
#S#
#....# #
#@#
#.#### #
#.#
#####.# #
#.#
...#.# #
#.#
#####.#.#
#.#
#.......#
#.#
#.#.#.###
#.# #
#...# #.#
#.### #.#
#.#


You could see a water moccasin.

Vanquished Creatures
  Eustachio (D:6)
  A steam dragon (D:7)
  2 sky beasts
  A necrophage (D:5)
  2 black bears
  An ogre (D:5)
  A kobold brigand (D:6)
  2 scorpions
  A water moccasin skeleton (D:4)
  2 wights (D:3)
  A hound (D:6)
  3 bullfrog zombies
  A centaur zombie (D:5)
  A jelly (D:5)
  A bullfrog skeleton (D:5)
  An orc priest (D:5)
  An iguana (D:5)
  2 orc wizards
  Robin (D:2)
  5 adders
  A white imp (D:5)
  2 ufetubi (D:5)
  2 adder skeletons
  A worm (D:2)
  A dart slug (D:4)
  7 orcs
  2 endoplasms
  2 giant cockroaches (D:3)
  7 goblins
  5 hobgoblins
  6 jackals
  12 kobolds
  5 quokkas
  6 ball pythons
  8 bats
  A frilled lizard (D:1)
  7 rats
106 creatures vanquished.

Vanquished Creatures (others)
  A bush (D:7)
1 creature vanquished.

Grand Total: 107 creatures vanquished

Notes
Turn   | Place    | Note
-------+----------+-------------------------------------------
     0 | D:1      | AZSletch the Draconian Transmuter began the quest for the
                  | Orb.
     0 | D:1      | Reached XP level 1. HP: 16/16 MP: 3/3
   234 | D:1      | Reached XP level 2. HP: 23/23 MP: 3/5
   238 | D:1      | Learned a level 2 spell: Wereblood
   345 | D:1      | Found Doelihus's Antique Weapon Boutique.
  1068 | D:2      | Found a faded altar of an unknown god.
  1546 | D:2      | Reached XP level 3. HP: 29/29 MP: 2/6
  1599 | D:2      | Learned a level 3 spell: Spider Form
  1791 | D:2      | Noticed Robin
  1803 | D:2      | Killed Robin
  2255 | D:3      | Found a sacrificial altar of Ru.
  2719 | D:3      | Reached XP level 4. HP: 36/36 MP: 5/7
  3154 | D:3      | Reached skill level 1 in Poison Magic
  3345 | D:3      | Reached XP level 5. HP: 10/42 MP: 6/9
  3364 | D:3      | HP: 1/42 [hornet zombie (12)]
  3822 | D:4      | Noticed a sky beast
  3836 | D:4      | Killed a sky beast
  3837 | D:4      | Reached XP level 6. HP: 22/50 MP: 7/10
  4190 | D:4      | Found an iron altar of Okawaru.
  4355 | D:4      | Reached skill level 4 in Unarmed Combat
  4580 | D:5      | Entered Level 5 of the Dungeon
  4843 | D:5      | Found a bloodstained altar of Trog.
  4882 | D:5      | Found a runed translucent door.
  4883 | D:5      | Noticed an orc warrior
  4917 | D:5      | Your scales start taking on a dull iron-grey colour.
  4917 | D:5      | Reached XP level 7. HP: 41/57 MP: 9/12
  5088 | D:5      | Found Tomab's Weapon Shoppe.
  5547 | D:5      | Learned a level 4 spell: Ice Form
  5581 | D:5      | Found a white marble altar of Elyvilon.
  6637 | D:6      | Reached skill level 1 in Ice Magic
  6637 | D:6      | Reached XP level 8. HP: 64/66 MP: 11/14
  6637 | D:6      | Noticed Eustachio
  6678 | D:6      | Reached skill level 5 in Unarmed Combat
  6690 | D:6      | Killed Eustachio
  7528 | D:7      | HP: 5/100 [water moccasin (1)]
  7530 | D:7      | HP: 2/100 [poisoned by a water moccasin]
  7531 | D:7      | Succumbed to a water moccasin's poison

Illustrated notes

Levels and vault maps discovered:
D:1:      ncdulo_lavacross, layout_basic, serial_shops, nicolae_diamond_shop,
          amcnicky_mini_pool_small
D:2:      layout_loops_corners, ebering_ecumenical_altar_box, uniq_robin
D:3:      layout_loops_cross, nicolae_ru_awakened_eye, chequers_arboretum
D:4:      layout_basic, kennysheep_okawaru_gauntlet,
          minmay_temple_entry_poolview
D:5:      layout_layer_cave, elyvilon_altar_4, nicolae_overflow_crystal_walls,
          serial_shops, nicolae_inconvenience_store, lightli_church_of_beogh
D:6:      layout_loops_corners, uniq_eustachio
D:7:      layout_basic, kennysheep_mini, vehumet_statue,
          mainiacjoe_overflow_boulevard, uniq_duvessa

Skill      XL: |  1  2  3  4  5  6  7  8 |
---------------+-------------------------+-----
Dodging        | 2 3 4 |  4.6
Fighting       | 2 3 4 |  4.9
Poison Magic   | 1 2 |  2.0
Spellcasting   | 3 4 |  4.5
Transmutations | 3 4 |  4.9
Unarmed Combat | 4 5 |  5.5
Ice Magic      | 1 2 |  2.3

Action                   |  1- 3 |  4- 6 |  7- 9 || total
-------------------------+-------+-------+-------++-------
Melee: Unarmed           |   102 |   145 |    85 ||   332
       Kick              |    14 |    39 |    25 ||    78
       Tailslap          |     5 |    16 |     7 ||    28
       Headbutt          |    10 |    20 |    15 ||    45
       Punch             |       |     1 |     4 ||     5
       Falchion          |       |       |    51 ||    51
Throw: Stone             |     5 |    22 |       ||    27
       Dart              |       |     1 |     4 ||     5
 Cast: Beastly Appendage |    29 |    21 |    13 ||    63
       Wereblood         |     2 |    10 |     9 ||    21
       Spider Form       |       |       |     4 ||     4
  Use: Scroll            |       |       |     2 ||     2
       Potion            |       |       |     1 ||     1
Armor: Skin              |    37 |    46 |    84 ||   167
Dodge: Dodged            |    89 |   110 |    96 ||   295
       Rpst.: Falchion   |       |       |     4 ||     4
